Connexion

Americans vs Bears

Created - 25 septembre 2023 at 07:56

Goals
1 2 3 T
Americans 3 1 0 4
Bears 1 0 2 3
Shots
1 2 3 T
Americans 12 14 11 37
Bears 11 16 13 40

GoalsPenalties
1st period
1. Americans , Turner Elson 4 (Ethan Prow 14, Sam Anas 5) at 5:43
2. Americans , Sam Anas 3 (Mattias Samuelsson 4, Kyle Rau 2) at 9:22
3. Bears , Austin Watson 2 (Beck Malenstyn 5, Kyle Burroughs 6) at 16:59
4. Americans , Tanner Fritz 12 (Ross Johnston 10, Kyle Okposo 6) at 18:45
Kyle Burroughs (HER) for Hooking (Minor) at 3:19
Kyle Burroughs (HER) for Slashing (Minor) at 6:22
Kyle Burroughs (HER) for Hooking (Minor) at 11:58
2nd period
5. Americans , Kyle Rau 4 (Sam Anas 6, Turner Elson 6) at 1:47
Jordie Benn (HER) for Close Hand On Puck (Minor) at 2:00
Ross Johnston (POR) for Holding (Minor) at 5:17
3rd period
6. Bears , Cole Koepke 12 (Jordie Benn 10, Spencer Martin) at 6:18
7. Bears , Cole Koepke 13 (Joona Luoto 10, Gustav Olofsson 9) at 15:13
Kyle Burroughs (HER) for Hooking (Minor) at 4:14
Cameron Hughes (POR) for High sticking (Minor) at 10:16
Turner Elson (POR) for Tripping (Minor) at 16:47
Goalie Stats
Alex Starlock (POR), 37 saves from 40 shots - (0,925), W, 9-6-0, 60:00 minutes
Mikhal Berdin (HER), 10 saves from 14 shots - (0,714), L, 3-8-1, 21:47 minutes
Spencer Martin (HER), 23 saves from 23 shots - (1,000), 37:14 minutes
3 StarsOfficial
1 - Sam Anas (POR)
2 - Cole Koepke (HER)
3 - Kyle Rau (POR)
Referees : Kelly Sutherland and Kevin Pollock
Linesman : Scott Cherrey and Dan Schachte
Game Note
Spencer Martin enters game at 1:47 of 2nd period
Finance
Level 1 -- Attendance: 1934 (96,70%) -- Ticket Income 58 020 $
Level 2 -- Attendance: 872 (87,20%) -- Ticket Income 15 696 $
Total Attendance: 2806 (93,53%)
Total Ticket Income: 73 716 $
Other Income: 14 743 $
Total Income: 88 459 $



Team Name Goals Shots Shots Attemp Shots Blocked PIM HIT PP PK FO%
Americans 4375956160 / 5 (0%)045%
Bears 34054410290 / 3 (0%)055%

Americans
Player Name POS G A P +/- PIM HIT SHT SB MP PP MP PP SHT PK MP PK SHT FO% FOT
Andrew AgozzinoC/LW0000024019:234:4501:22050% 22
Andrew PeekeD000-1030122:114:4403:0700% 0
Cameron HughesC/LW0000213018:314:4500:310100% 2
Cole HultsD0001001015:150:0000:0000% 0
Connor CarrickD0001010222:345:1102:5000% 0
Ethan ProwD0111010115:220:0700:0000% 0
Joseph DuszakD0001010022:275:0402:5000% 0
Kyle OkposoC/RW0110002022:445:1003:50023% 30
Kyle RauC/LW/RW1121012013:020:0002:00050% 6
Matt LoritoLW/RW0000005018:154:4510:1400% 1
Mattias SamuelssonD011-1002022:114:4413:0700% 0
Patrick BrownC/RW000001006:540:0000:4800% 1
Riley TufteLW000002006:060:0000:0000% 0
Ross JohnstonLW0110233120:345:0401:47050% 6
Sam AnasC/RW1231003011:080:0600:00050% 2
Sean MaloneC000000206:060:0000:00050% 6
Tanner Fritz C/LW/RW1010007020:105:0431:2200% 1
Turner ElsonC/LW/RW1121203011:070:0600:00073% 15
Bears
Player Name POS G A P +/- PIM HIT SHT SB MP PP MP PP SHT PK MP PK SHT FO% FOT
Andreas BorgmanD000-2022014:180:0000:1400% 0
Arttu RuotsalainenC000-1001016:542:3900:00043% 23
Austin WatsonC/LW/RW1010043014:050:0000:0000% 0
Beck MalenstynLW0110026014:050:0000:00050% 2
Brennan MenellD000-2010118:100:0004:4500% 0
Buddy RobinsonRW000-1002016:542:3900:0000% 2
Chad KrysD0000003021:422:3915:1110% 0
Christoffer EhnC/LW000000014:120:0000:000100% 4
Cole KoepkeLW2020024021:183:1816:24033% 3
Gustav OlofssonD0111002024:353:1815:0500% 0
Jay BeagleC/RW0000005114:050:0000:00048% 21
Joona LuotoLW/RW0110013018:253:1803:31033% 3
Jordie BennD0111221023:163:1813:4700% 0
Justin DowlingC/LW/RW0000033124:293:1825:23070% 30
Kyle BurroughsD0110891017:542:3910:4800% 0
Lean BergmannLW/RW000-1034020:132:3923:19067% 3
Maxim LetunovC000000000:260:0000:2600% 0
Tyrell GoulbourneLW000000004:590:0000:470100% 1



Play-by-Play

1st period


0:01 of 1st period - Justin Dowling wins face-off versus Kyle Okposo in neutral zone.
0:22 of 1st period - Shot by Tanner Fritz .
0:22 of 1st period - Shot Hit the Post.
0:34 of 1st period - Connor Carrick is hit by Justin Dowling and loses puck.
0:56 of 1st period - Shot by Lean Bergmann.
0:56 of 1st period - Stopped by Alex Starlock without a rebound.
0:57 of 1st period - Cameron Hughes wins face-off versus Jay Beagle in Americans zone.
0:57 of 1st period - Cameron Hughes is hit by Beck Malenstyn.
1:10 of 1st period - Andrew Agozzino is hit by Brennan Menell and loses puck.
1:35 of 1st period - Shot by Matt Lorito.
1:35 of 1st period - Deflect By Cameron Hughes.
1:35 of 1st period - Stopped by Mikhal Berdin without a rebound.
1:36 of 1st period - Arttu Ruotsalainen wins face-off versus Turner Elson in Bears zone.
2:01 of 1st period - Shot by Sam Anas.
2:01 of 1st period - Shot Misses the Net.
2:13 of 1st period - Shot by Buddy Robinson.
2:13 of 1st period - Stopped by Alex Starlock without a rebound.
2:14 of 1st period - Christoffer Ehn wins face-off versus Sean Malone in Americans zone.
2:33 of 1st period - Christoffer Ehn is hit by Riley Tufte and loses puck.
2:46 of 1st period - Icing by Tyrell Goulbourne.
2:47 of 1st period - Christoffer Ehn wins face-off versus Andrew Agozzino in Bears zone.
2:58 of 1st period - Shot by Christoffer Ehn.
2:58 of 1st period - Shot Blocked by Connor Carrick.
3:13 of 1st period - Connor Carrick is hit by Kyle Burroughs and loses puck.
3:19 of 1st period - Minor Penalty to Kyle Burroughs for Hooking.
3:20 of 1st period - Justin Dowling wins face-off versus Kyle Okposo in Bears zone.
3:20 of 1st period - Justin Dowling is hit by Ross Johnston.
3:56 of 1st period - Shot by Tanner Fritz .
3:56 of 1st period - Stopped by Mikhal Berdin without a rebound.
3:57 of 1st period - Andrew Agozzino wins face-off versus Joona Luoto in Bears zone.
5:39 of 1st period - Shot by Kyle Rau.
5:39 of 1st period - Shot Misses the Net.
5:41 of 1st period - Shot by Sam Anas.
5:41 of 1st period - Shot Misses the Net.
5:43 of 1st period - Shot by Ethan Prow.
5:43 of 1st period - Deflect By Turner Elson.
5:43 of 1st period - Goal by Turner Elson - Americans : 1 - Bears : 0.
5:44 of 1st period - Kyle Okposo wins face-off versus Arttu Ruotsalainen in neutral zone.
6:02 of 1st period - Shot by Tanner Fritz .
6:02 of 1st period - Stopped by Mikhal Berdin with a rebound.
6:21 of 1st period - Tanner Fritz is hit by Kyle Burroughs and loses puck.
6:22 of 1st period - Minor Penalty to Kyle Burroughs for Slashing.
6:23 of 1st period - Andrew Agozzino wins face-off versus Justin Dowling in Bears zone.
6:34 of 1st period - Shot by Matt Lorito.
6:34 of 1st period - Stopped by Mikhal Berdin without a rebound.
6:35 of 1st period - Kyle Okposo wins face-off versus Joona Luoto in Bears zone.
7:29 of 1st period - Cameron Hughes is hit by Justin Dowling and loses puck.
7:52 of 1st period - Lean Bergmann is hit by Cameron Hughes and loses puck.
8:35 of 1st period - Beck Malenstyn is hit by Riley Tufte and loses puck.
8:52 of 1st period - Shot by Jay Beagle.
8:52 of 1st period - Stopped by Alex Starlock without a rebound.
8:53 of 1st period - Turner Elson wins face-off versus Arttu Ruotsalainen in Americans zone.
9:22 of 1st period - Shot by Sam Anas.
9:22 of 1st period - Goal by Sam Anas - Americans : 2 - Bears : 0.
9:23 of 1st period - Justin Dowling wins face-off versus Kyle Okposo in neutral zone.
9:25 of 1st period - Off-side.
9:26 of 1st period - Kyle Okposo wins face-off versus Justin Dowling in neutral zone.
10:00 of 1st period - Shot by Joona Luoto.
10:00 of 1st period - Stopped by Alex Starlock with a rebound.
11:18 of 1st period - Joseph Duszak is hit by Austin Watson.
11:51 of 1st period - Sam Anas is hit by Kyle Burroughs.
11:58 of 1st period - Minor Penalty to Kyle Burroughs for Hooking.
11:59 of 1st period - Justin Dowling wins face-off versus Kyle Okposo in Bears zone.
12:20 of 1st period - Shot by Tanner Fritz .
12:20 of 1st period - Stopped by Mikhal Berdin without a rebound.
12:21 of 1st period - Joona Luoto wins face-off versus Andrew Agozzino in Bears zone.
12:26 of 1st period - Shot by Chad Krys.
12:26 of 1st period - Stopped by Alex Starlock without a rebound.
12:27 of 1st period - Justin Dowling wins face-off versus Andrew Agozzino in Americans zone.
14:24 of 1st period - Shot by Jay Beagle.
14:24 of 1st period - Stopped by Alex Starlock with a rebound.
14:31 of 1st period - Ethan Prow is hit by Kyle Burroughs and loses puck.
15:15 of 1st period - Icing by Jordie Benn.
15:16 of 1st period - Arttu Ruotsalainen wins face-off versus Andrew Agozzino in Bears zone.
15:41 of 1st period - Shot by Cameron Hughes.
15:41 of 1st period - Shot Misses the Net.
15:47 of 1st period - Shot by Andrew Agozzino.
15:47 of 1st period - Stopped by Mikhal Berdin without a rebound.
15:48 of 1st period - Justin Dowling wins face-off versus Sean Malone in Bears zone.
16:09 of 1st period - Brennan Menell is hit by Patrick Brown.
16:34 of 1st period - Icing by Mattias Samuelsson.
16:35 of 1st period - Jay Beagle wins face-off versus Kyle Okposo in Americans zone.
16:57 of 1st period - Shot by Beck Malenstyn.
16:57 of 1st period - Stopped by Alex Starlock with a rebound.
16:59 of 1st period - Shot by Austin Watson.
16:59 of 1st period - Goal by Austin Watson - Americans : 2 - Bears : 1.
17:00 of 1st period - Cameron Hughes wins face-off versus Arttu Ruotsalainen in neutral zone.
17:04 of 1st period - Shot by Matt Lorito.
17:04 of 1st period - Stopped by Mikhal Berdin without a rebound.
17:05 of 1st period - Arttu Ruotsalainen wins face-off versus Matt Lorito in Bears zone.
17:29 of 1st period - Lean Bergmann is hit by Ethan Prow and loses puck.
17:35 of 1st period - Andrew Agozzino is hit by Lean Bergmann and loses puck.
18:06 of 1st period - Shot by Justin Dowling.
18:06 of 1st period - Shot Misses the Net.
18:08 of 1st period - Shot by Chad Krys.
18:08 of 1st period - Stopped by Alex Starlock without a rebound.
18:09 of 1st period - Jay Beagle wins face-off versus Kyle Okposo in Americans zone.
18:10 of 1st period - Shot by Beck Malenstyn.
18:10 of 1st period - Stopped by Alex Starlock without a rebound.
18:11 of 1st period - Justin Dowling wins face-off versus Kyle Okposo in Americans zone.
18:12 of 1st period - Shot by Cole Koepke.
18:12 of 1st period - Shot Misses the Net.
18:19 of 1st period - Icing by Joseph Duszak.
18:20 of 1st period - Kyle Okposo wins face-off versus Justin Dowling in Americans zone.
18:43 of 1st period - Shot by Ross Johnston.
18:43 of 1st period - Shot Misses the Net.
18:45 of 1st period - Shot by Tanner Fritz .
18:45 of 1st period - Goal by Tanner Fritz - Americans : 3 - Bears : 1.
18:46 of 1st period - Turner Elson wins face-off versus Arttu Ruotsalainen in neutral zone.
18:59 of 1st period - Shot by Kyle Rau.
18:59 of 1st period - Stopped by Mikhal Berdin without a rebound.
19:00 of 1st period - Andrew Agozzino wins face-off versus Jay Beagle in Bears zone.
19:32 of 1st period - Shot by Austin Watson.
19:32 of 1st period - Shot Misses the Net.
19:34 of 1st period - Shot by Beck Malenstyn.
19:34 of 1st period - Stopped by Alex Starlock without a rebound.
19:35 of 1st period - Justin Dowling wins face-off versus Kyle Okposo in Americans zone.
19:47 of 1st period - Icing by Ross Johnston.
19:48 of 1st period - Arttu Ruotsalainen wins face-off versus Kyle Okposo in Americans zone.
19:55 of 1st period - Shot by Ross Johnston.
19:55 of 1st period - Stopped by Mikhal Berdin without a rebound.
19:56 of 1st period - Andrew Agozzino wins face-off versus Cole Koepke in Bears zone.
19:57 of 1st period - Shot by Matt Lorito.
19:57 of 1st period - Shot Misses the Net.
Goals for this period are 3 for Americans vs 1 for Bears .
Shots for this period are 12 for Americans vs 11 for Bears .

2nd period


0:01 of 2nd period - Justin Dowling wins face-off versus Kyle Okposo in neutral zone.
0:01 of 2nd period - Justin Dowling is hit by Ross Johnston.
0:09 of 2nd period - Shot by Cole Koepke.
0:09 of 2nd period - Stopped by Alex Starlock without a rebound.
0:10 of 2nd period - Andrew Agozzino wins face-off versus Justin Dowling in Americans zone.
0:43 of 2nd period - Shot by Justin Dowling.
0:43 of 2nd period - Shot Misses the Net.
0:45 of 2nd period - Shot by Cole Koepke.
0:45 of 2nd period - Shot Misses the Net.
0:47 of 2nd period - Shot by Justin Dowling.
0:47 of 2nd period - Shot Misses the Net.
1:24 of 2nd period - Arttu Ruotsalainen is hit by Ross Johnston and loses puck.
1:33 of 2nd period - Shot by Tanner Fritz .
1:33 of 2nd period - Stopped by Mikhal Berdin without a rebound.
1:34 of 2nd period - Turner Elson wins face-off versus Jay Beagle in Bears zone.
1:43 of 2nd period - Shot by Turner Elson.
1:43 of 2nd period - Shot Misses the Net.
1:45 of 2nd period - Shot by Sam Anas.
1:45 of 2nd period - Shot Misses the Net.
1:47 of 2nd period - Shot by Kyle Rau.
1:47 of 2nd period - Goal by Kyle Rau - Americans : 4 - Bears : 1.
1:47 of 2nd period - Spencer Martin enters game.
1:48 of 2nd period - Christoffer Ehn wins face-off versus Kyle Okposo in neutral zone.
2:00 of 2nd period - Minor Penalty to Jordie Benn for Close Hand On Puck.
2:01 of 2nd period - Justin Dowling wins face-off versus Kyle Okposo in Bears zone.
3:45 of 2nd period - Shot by Tanner Fritz .
3:45 of 2nd period - Stopped by Spencer Martin without a rebound.
3:46 of 2nd period - Tyrell Goulbourne wins face-off versus Andrew Agozzino in Bears zone.
3:55 of 2nd period - Shot by Cole Koepke.
3:55 of 2nd period - Shot Misses the Net.
4:03 of 2nd period - Kyle Rau is hit by Austin Watson and loses puck.
4:16 of 2nd period - Shot by Sam Anas.
4:16 of 2nd period - Stopped by Spencer Martin without a rebound.
4:17 of 2nd period - Lean Bergmann wins face-off versus Sean Malone in Bears zone.
4:34 of 2nd period - Shot by Buddy Robinson.
4:34 of 2nd period - Shot Blocked by Ethan Prow.
4:37 of 2nd period - Icing by Ethan Prow.
4:38 of 2nd period - Sean Malone wins face-off versus Jay Beagle in Americans zone.
5:12 of 2nd period - Icing by Andreas Borgman.
5:13 of 2nd period - Jay Beagle wins face-off versus Kyle Okposo in Bears zone.
5:17 of 2nd period - Minor Penalty to Ross Johnston for Holding.
5:18 of 2nd period - Justin Dowling wins face-off versus Kyle Rau in Americans zone.
5:29 of 2nd period - Kyle Okposo is hit by Cole Koepke and loses puck.
5:40 of 2nd period - Kyle Rau is hit by Joona Luoto and loses puck.
5:45 of 2nd period - Shot by Justin Dowling.
5:45 of 2nd period - Stopped by Alex Starlock without a rebound.
5:46 of 2nd period - Kyle Rau wins face-off versus Arttu Ruotsalainen in Americans zone.
6:07 of 2nd period - Shot by Arttu Ruotsalainen.
6:07 of 2nd period - Deflect By Lean Bergmann.
6:07 of 2nd period - Stopped by Alex Starlock without a rebound.
6:08 of 2nd period - Justin Dowling wins face-off versus Kyle Rau in Americans zone.
6:13 of 2nd period - Shot by Cole Koepke.
6:13 of 2nd period - Stopped by Alex Starlock without a rebound.
6:14 of 2nd period - Kyle Rau wins face-off versus Justin Dowling in Americans zone.
6:14 of 2nd period - Kyle Rau is hit by Cole Koepke.
6:29 of 2nd period - Joona Luoto is hit by Andrew Peeke and loses puck.
6:42 of 2nd period - Shot by Justin Dowling.
6:42 of 2nd period - Stopped by Alex Starlock without a rebound.
6:43 of 2nd period - Arttu Ruotsalainen wins face-off versus Patrick Brown in Americans zone.
7:02 of 2nd period - Shot by Chad Krys.
7:02 of 2nd period - Stopped by Alex Starlock with a rebound.
7:15 of 2nd period - Icing by Chad Krys.
7:16 of 2nd period - Arttu Ruotsalainen wins face-off versus Kyle Rau in Bears zone.
7:23 of 2nd period - Shot by Gustav Olofsson.
7:23 of 2nd period - Stopped by Alex Starlock without a rebound.
7:24 of 2nd period - Turner Elson wins face-off versus Justin Dowling in Americans zone.
7:28 of 2nd period - Off-side.
7:29 of 2nd period - Justin Dowling wins face-off versus Andrew Agozzino in neutral zone.
7:32 of 2nd period - Shot by Joona Luoto.
7:32 of 2nd period - Stopped by Alex Starlock without a rebound.
7:33 of 2nd period - Justin Dowling wins face-off versus Ross Johnston in Americans zone.
7:52 of 2nd period - Shot by Joona Luoto.
7:52 of 2nd period - Stopped by Alex Starlock with a rebound.
8:12 of 2nd period - Shot by Justin Dowling.
8:12 of 2nd period - Stopped by Alex Starlock without a rebound.
8:13 of 2nd period - Andrew Agozzino wins face-off versus Buddy Robinson in Americans zone.
8:13 of 2nd period - Andrew Agozzino is hit by Lean Bergmann.
8:31 of 2nd period - Off-side.
8:32 of 2nd period - Kyle Rau wins face-off versus Jay Beagle in neutral zone.
8:55 of 2nd period - Shot by Cole Hults.
8:55 of 2nd period - Stopped by Spencer Martin without a rebound.
8:56 of 2nd period - Ross Johnston wins face-off versus Justin Dowling in Bears zone.
8:57 of 2nd period - Shot by Kyle Okposo.
8:57 of 2nd period - Shot Hit the Post.
9:15 of 2nd period - Shot by Joona Luoto.
9:15 of 2nd period - Shot Blocked by Ross Johnston.
9:17 of 2nd period - Shot by Jordie Benn.
9:17 of 2nd period - Shot Misses the Net.
9:46 of 2nd period - Gustav Olofsson is hit by Andrew Peeke and loses puck.
10:01 of 2nd period - Shot by Matt Lorito.
10:01 of 2nd period - Stopped by Spencer Martin without a rebound.
10:02 of 2nd period - Jay Beagle wins face-off versus Turner Elson in Bears zone.
10:07 of 2nd period - Shot by Beck Malenstyn.
10:07 of 2nd period - Stopped by Alex Starlock without a rebound.
10:08 of 2nd period - Turner Elson wins face-off versus Arttu Ruotsalainen in Americans zone.
11:00 of 2nd period - Sam Anas is hit by Andreas Borgman and loses puck.
11:04 of 2nd period - Icing by Andreas Borgman.
11:05 of 2nd period - Jay Beagle wins face-off versus Kyle Okposo in Bears zone.
11:12 of 2nd period - Shot by Kyle Okposo.
11:12 of 2nd period - Stopped by Spencer Martin with a rebound.
11:15 of 2nd period - Icing by Brennan Menell.
11:16 of 2nd period - Andrew Agozzino wins face-off versus Jay Beagle in Bears zone.
11:16 of 2nd period - Joseph Duszak is hit by Andreas Borgman and loses puck.
11:23 of 2nd period - Shot by Andrew Agozzino.
11:23 of 2nd period - Stopped by Spencer Martin without a rebound.
11:24 of 2nd period - Justin Dowling wins face-off versus Ross Johnston in Bears zone.
12:39 of 2nd period - Lean Bergmann is hit by Andrew Agozzino and loses puck.
13:00 of 2nd period - Shot by Arttu Ruotsalainen.
13:00 of 2nd period - Deflect By Lean Bergmann.
13:00 of 2nd period - Stopped by Alex Starlock without a rebound.
13:01 of 2nd period - Turner Elson wins face-off versus Jay Beagle in Americans zone.
13:24 of 2nd period - Shot by Beck Malenstyn.
13:24 of 2nd period - Stopped by Alex Starlock without a rebound.
13:25 of 2nd period - Lean Bergmann wins face-off versus Kyle Okposo in Americans zone.
13:52 of 2nd period - Shot by Arttu Ruotsalainen.
13:52 of 2nd period - Stopped by Alex Starlock without a rebound.
13:53 of 2nd period - Jay Beagle wins face-off versus Sam Anas in Americans zone.
14:15 of 2nd period - Shot by Austin Watson.
14:15 of 2nd period - Stopped by Alex Starlock with a rebound.
14:58 of 2nd period - Shot by Kyle Okposo.
14:58 of 2nd period - Stopped by Spencer Martin without a rebound.
14:59 of 2nd period - Arttu Ruotsalainen wins face-off versus Andrew Agozzino in Bears zone.
15:20 of 2nd period - Shot by Andrew Agozzino.
15:20 of 2nd period - Shot Misses the Net.
15:26 of 2nd period - Shot by Cameron Hughes.
15:26 of 2nd period - Stopped by Spencer Martin with a rebound.
15:30 of 2nd period - Shot by Andrew Agozzino.
15:30 of 2nd period - Shot Misses the Net.
16:14 of 2nd period - Tanner Fritz is hit by Jordie Benn and loses puck.
16:34 of 2nd period - Off-side.
16:35 of 2nd period - Turner Elson wins face-off versus Jay Beagle in neutral zone.
17:17 of 2nd period - Beck Malenstyn is hit by Kyle Rau and loses puck.
17:59 of 2nd period - Shot by Matt Lorito.
17:59 of 2nd period - Deflect By Andrew Agozzino.
17:59 of 2nd period - Stopped by Spencer Martin without a rebound.
18:00 of 2nd period - Kyle Okposo wins face-off versus Arttu Ruotsalainen in Bears zone.
18:41 of 2nd period - Icing by Gustav Olofsson.
18:42 of 2nd period - Sean Malone wins face-off versus Arttu Ruotsalainen in Bears zone.
19:07 of 2nd period - Shot by Sean Malone.
19:07 of 2nd period - Stopped by Spencer Martin without a rebound.
19:08 of 2nd period - Andrew Agozzino wins face-off versus Jay Beagle in Bears zone.
19:21 of 2nd period - Shot by Matt Lorito.
19:21 of 2nd period - Stopped by Spencer Martin without a rebound.
19:22 of 2nd period - Turner Elson wins face-off versus Justin Dowling in Bears zone.
19:22 of 2nd period - Turner Elson is hit by Kyle Burroughs.
19:35 of 2nd period - Sam Anas is hit by Kyle Burroughs.
19:37 of 2nd period - Shot by Turner Elson.
19:37 of 2nd period - Shot Misses the Net.
19:39 of 2nd period - Shot by Turner Elson.
19:39 of 2nd period - Stopped by Spencer Martin without a rebound.
19:40 of 2nd period - Jay Beagle wins face-off versus Kyle Okposo in Bears zone.
19:46 of 2nd period - Shot by Jay Beagle.
19:46 of 2nd period - Stopped by Alex Starlock without a rebound.
19:47 of 2nd period - Justin Dowling wins face-off versus Kyle Okposo in Americans zone.
19:53 of 2nd period - Cole Koepke is hit by Connor Carrick and loses puck.
Goals for this period are 1 for Americans vs 0 for Bears .
Shots for this period are 14 for Americans vs 16 for Bears .

3rd period


0:01 of 3rd period - Justin Dowling wins face-off versus Kyle Okposo in neutral zone.
0:25 of 3rd period - Shot by Tanner Fritz .
0:25 of 3rd period - Stopped by Spencer Martin without a rebound.
0:26 of 3rd period - Andrew Agozzino wins face-off versus Arttu Ruotsalainen in Bears zone.
0:26 of 3rd period - Andrew Peeke is hit by Kyle Burroughs and loses puck.
0:52 of 3rd period - Shot by Lean Bergmann.
0:52 of 3rd period - Shot Blocked by Andrew Peeke.
1:25 of 3rd period - Andrew Peeke is hit by Justin Dowling and loses puck.
2:06 of 3rd period - Icing by Andreas Borgman.
2:07 of 3rd period - Jay Beagle wins face-off versus Kyle Okposo in Bears zone.
2:19 of 3rd period - Shot by Andreas Borgman.
2:19 of 3rd period - Stopped by Alex Starlock without a rebound.
2:20 of 3rd period - Sean Malone wins face-off versus Arttu Ruotsalainen in Americans zone.
2:20 of 3rd period - Sean Malone is hit by Lean Bergmann.
3:51 of 3rd period - Off-side.
3:52 of 3rd period - Beck Malenstyn wins face-off versus Turner Elson in neutral zone.
4:03 of 3rd period - Shot by Kyle Rau.
4:03 of 3rd period - Shot Blocked by Brennan Menell.
4:05 of 3rd period - Shot by Kyle Rau.
4:05 of 3rd period - Shot Blocked by Jay Beagle.
4:09 of 3rd period - Shot by Sam Anas.
4:09 of 3rd period - Stopped by Spencer Martin without a rebound.
4:10 of 3rd period - Kyle Okposo wins face-off versus Buddy Robinson in Bears zone.
4:10 of 3rd period - Ross Johnston is hit by Kyle Burroughs and loses puck.
4:14 of 3rd period - Minor Penalty to Kyle Burroughs for Hooking.
4:15 of 3rd period - Kyle Okposo wins face-off versus Cole Koepke in Bears zone.
4:16 of 3rd period - Shot by Tanner Fritz .
4:16 of 3rd period - Shot Hit the Post.
4:18 of 3rd period - Shot by Mattias Samuelsson.
4:18 of 3rd period - Stopped by Spencer Martin without a rebound.
4:19 of 3rd period - Justin Dowling wins face-off versus Kyle Okposo in Bears zone.
4:58 of 3rd period - Icing by Joseph Duszak.
4:59 of 3rd period - Justin Dowling wins face-off versus Kyle Okposo in Americans zone.
6:18 of 3rd period - Shot by Cole Koepke.
6:18 of 3rd period - Goal by Cole Koepke - Americans : 4 - Bears : 2.
6:19 of 3rd period - Turner Elson wins face-off versus Jay Beagle in neutral zone.
6:19 of 3rd period - Ethan Prow is hit by Beck Malenstyn and loses puck.
7:40 of 3rd period - Shot by Sean Malone.
7:40 of 3rd period - Stopped by Spencer Martin with a rebound.
8:11 of 3rd period - Shot by Ross Johnston.
8:11 of 3rd period - Shot Misses the Net.
8:21 of 3rd period - Shot by Ross Johnston.
8:21 of 3rd period - Stopped by Spencer Martin without a rebound.
8:22 of 3rd period - Andrew Agozzino wins face-off versus Justin Dowling in Bears zone.
8:37 of 3rd period - Shot by Andrew Agozzino.
8:37 of 3rd period - Stopped by Spencer Martin with a rebound.
8:39 of 3rd period - Shot by Cameron Hughes.
8:39 of 3rd period - Stopped by Spencer Martin without a rebound.
8:40 of 3rd period - Turner Elson wins face-off versus Jay Beagle in Bears zone.
8:51 of 3rd period - Shot by Sam Anas.
8:51 of 3rd period - Deflect By Turner Elson.
8:51 of 3rd period - Stopped by Spencer Martin with a rebound.
9:09 of 3rd period - Shot by Jay Beagle.
9:09 of 3rd period - Deflect By Beck Malenstyn.
9:09 of 3rd period - Stopped by Alex Starlock with a rebound.
10:14 of 3rd period - Shot by Ross Johnston.
10:14 of 3rd period - Stopped by Spencer Martin without a rebound.
10:15 of 3rd period - Arttu Ruotsalainen wins face-off versus Andrew Agozzino in Bears zone.
10:15 of 3rd period - Arttu Ruotsalainen is hit by Andrew Agozzino.
10:16 of 3rd period - Minor Penalty to Cameron Hughes for High sticking.
10:17 of 3rd period - Arttu Ruotsalainen wins face-off versus Kyle Okposo in Americans zone.
10:18 of 3rd period - Shot by Kyle Burroughs.
10:18 of 3rd period - Stopped by Alex Starlock with a rebound.
10:20 of 3rd period - Shot by Lean Bergmann.
10:20 of 3rd period - Stopped by Alex Starlock without a rebound.
10:21 of 3rd period - Ross Johnston wins face-off versus Arttu Ruotsalainen in Americans zone.
12:48 of 3rd period - Shot by Sean Malone.
12:48 of 3rd period - Shot Misses the Net.
12:53 of 3rd period - Off-side.
12:54 of 3rd period - Arttu Ruotsalainen wins face-off versus Andrew Agozzino in neutral zone.
13:12 of 3rd period - Icing by Kyle Burroughs.
13:13 of 3rd period - Turner Elson wins face-off versus Lean Bergmann in Bears zone.
13:22 of 3rd period - Shot by Arttu Ruotsalainen.
13:22 of 3rd period - Shot Blocked by Connor Carrick.
13:36 of 3rd period - Shot by Sam Anas.
13:36 of 3rd period - Shot Misses the Net.
13:38 of 3rd period - Shot by Joseph Duszak.
13:38 of 3rd period - Shot Misses the Net.
13:41 of 3rd period - Sam Anas is hit by Kyle Burroughs.
14:21 of 3rd period - Shot by Tanner Fritz .
14:21 of 3rd period - Shot Blocked by Justin Dowling.
14:23 of 3rd period - Shot by Tanner Fritz .
14:23 of 3rd period - Shot Blocked by Christoffer Ehn.
14:25 of 3rd period - Shot by Mattias Samuelsson.
14:25 of 3rd period - Stopped by Spencer Martin without a rebound.
14:26 of 3rd period - Jay Beagle wins face-off versus Andrew Agozzino in Bears zone.
14:54 of 3rd period - Cole Hults is hit by Austin Watson and loses puck.
15:01 of 3rd period - Shot by Matt Lorito.
15:01 of 3rd period - Stopped by Spencer Martin without a rebound.
15:02 of 3rd period - Justin Dowling wins face-off versus Turner Elson in Bears zone.
15:11 of 3rd period - Shot by Joona Luoto.
15:11 of 3rd period - Shot Misses the Net.
15:13 of 3rd period - Shot by Cole Koepke.
15:13 of 3rd period - Goal by Cole Koepke - Americans : 4 - Bears : 3.
15:14 of 3rd period - Christoffer Ehn wins face-off versus Tanner Fritz in neutral zone.
15:32 of 3rd period - Tanner Fritz is hit by Jordie Benn and loses puck.
16:07 of 3rd period - Shot by Buddy Robinson.
16:07 of 3rd period - Stopped by Alex Starlock without a rebound.
16:08 of 3rd period - Andrew Agozzino wins face-off versus Beck Malenstyn in Americans zone.
16:08 of 3rd period - Andrew Agozzino is hit by Austin Watson.
16:32 of 3rd period - Shot by Jay Beagle.
16:32 of 3rd period - Stopped by Alex Starlock with a rebound.
16:34 of 3rd period - Shot by Jay Beagle.
16:34 of 3rd period - Stopped by Alex Starlock without a rebound.
16:35 of 3rd period - Sam Anas wins face-off versus Arttu Ruotsalainen in Americans zone.
16:47 of 3rd period - Minor Penalty to Turner Elson for Tripping.
16:48 of 3rd period - Justin Dowling wins face-off versus Ross Johnston in Americans zone.
17:01 of 3rd period - Shot by Jordie Benn.
17:01 of 3rd period - Stopped by Alex Starlock with a rebound.
17:05 of 3rd period - Shot by Gustav Olofsson.
17:05 of 3rd period - Stopped by Alex Starlock without a rebound.
17:06 of 3rd period - Ross Johnston wins face-off versus Arttu Ruotsalainen in Americans zone.
17:38 of 3rd period - Kyle Burroughs is hit by Andrew Peeke and loses puck.
18:53 of 3rd period - Shot by Austin Watson.
18:53 of 3rd period - Stopped by Alex Starlock with a rebound.
18:55 of 3rd period - Shot by Andreas Borgman.
18:55 of 3rd period - Stopped by Alex Starlock without a rebound.
18:56 of 3rd period - Jay Beagle wins face-off versus Andrew Agozzino in Americans zone.
19:01 of 3rd period - Bears , Spencer Martin is pulled from the net.
19:46 of 3rd period - Off-side.
19:47 of 3rd period - Cole Koepke wins face-off versus Kyle Okposo in neutral zone.
19:51 of 3rd period - Jordie Benn is hit by Joseph Duszak and loses puck.
Goals for this period are 0 for Americans vs 2 for Bears .
Shots for this period are 11 for Americans vs 13 for Bears .